[Event "Titled Tuesday Blitz May 30 Late 2023"]
[White "Kleiman, Jake"]
[Black "Hajiyev, Kanan"]
[WhiteFideId "2020041"]
[BlackFideId "13404148"]
[WhiteElo "2599"]
[BlackElo "2103"]
[Result "0-1"]
[Round "10"]
[TimeControl "180+2"]
[Date "2023.05.31"]
[WhiteClock "0:00:01"]
[BlackClock "0:00:16"]

1. e4 c6 2. Nc3 d5 3. Nf3 a6 4. h3 h6 5. d4 dxe4 6. Nxe4 Bf5 7. Bd3 e6 8. O-O Nf6 9. Qe2 Nxe4 10. Bxe4 Bxe4 11. Qxe4 Qd5 12. Qe2 Nd7 13. c4 Qf5 14. b3 Bb4 15. Bb2 O-O 16. Rad1 Nf6 17. Ne5 Qe4 18. Qd3 Qxd3 19. Rxd3 Rfd8 20. Rfd1 a5 21. a4 Nd7 22. Nf3 Nf6 23. g4 b5 24. Ne5 Rac8 25. Kg2 Nd7 26. Nf3 Nf6 27. Rc1 bxa4 28. bxa4 Nd7 29. Rcd1 Nb6 30. c5 Nxa4 31. Ba1 Rd5 32. Ne5 f6 33. Nc4 Rcd8 34. Re3 Nxc5 35. Rc1 Na4 36. Rxe6 c5 37. Ne3 R5d6 38. Rxd6 Rxd6 39. Nf5 Rd7 40. dxc5 Nxc5 41. Rc4 Nd3 42. Bd4 Kh7 43. h4 Ne5 44. Bxe5 fxe5 45. h5 Ra7 46. Rc8 g6 47. hxg6+ Kxg6 48. Rc6+ Kg5 49. Kh3 h5 50. f3 hxg4+ 51. fxg4 a4 52. Rc4 a3 53. Rxb4 a2 0-1


[Site "https://www.chess.com"]

[Event "Titled Tuesday Blitz May 30 Late 2023"]
[White "Tissir, Mohamed"]
[Black "Paravyan, David"]
[WhiteFideId "9000240"]
[BlackFideId "4194985"]
[WhiteElo "2458"]
[BlackElo "2563"]
[Result "0-1"]
[Round "10"]
[TimeControl "180+2"]
[Date "2023.05.31"]
[WhiteClock "0:00:13"]
[BlackClock "0:00:07"]

1. e4 e5 2. Nf3 Nc6 3. Bc4 Nf6 4. d3 Bc5 5. c3 d6 6. Bb3 a5 7. Nbd2 O-O 8. Nf1 Ng4 9. Ne3 Nxe3 10. Bxe3 Bxe3 11. fxe3 Be6 12. O-O h6 13. Rf2 Nb8 14. d4 Nd7 15. Bxe6 fxe6 16. Qb3 Qe7 17. Qxb7 a4 18. a3 Nf6 19. dxe5 Ng4 20. exd6 Qxd6 21. e5 Qc5 22. Re2 c6 23. Qb4 Qxb4 24. cxb4 Rf5 25. Rc1 Nxe5 26. Nxe5 Rxe5 27. Rxc6 Rd8 28. Rc5 Rd1+ 29. Kf2 Rxc5 30. bxc5 Rc1 31. Kf3 Rxc5 32. Ke4 Rb5 33. Kd4 Kf7 34. Kc3 Rb3+ 35. Kc2 e5 36. e4 Ke6 37. h3 g5 38. Kc1 Kd6 39. Kc2 Ke6 40. Kc1 h5 41. Kc2 h4 42. Kc1 Ke7 43. Kc2 Ke6 44. Kc1 Rg3 45. Kd2 Kd6 46. Kc2 Kc5 47. Rd2 Kc4 48. Re2 Kd4 49. Kd1 Kd3 50. Ke1 Re3 51. Rxe3+ Kxe3 52. Kd1 Kxe4 53. Kc2 Kd4 54. Kd2 Kc4 55. Ke2 Kb3 56. Ke3 Kxb2 57. Ke4 Kxa3 58. Kxe5 Kb3 59. Kf5 a3 60. Kxg5 a2 61. Kxh4 0-1


[Site "https://www.chess.com"]

[Event "Titled Tuesday Blitz May 30 Late 2023"]
[White "Liu, Casper"]
[Black "Hambleton, Aman"]
[WhiteFideId "1454153"]
[BlackFideId "2606577"]
[WhiteElo "2221"]
[BlackElo "2511"]
[Result "0-1"]
[Round "10"]
[TimeControl "180+2"]
[Date "2023.05.31"]
[WhiteClock "0:01:41"]
[BlackClock "0:01:28"]

1. d4 e5 2. dxe5 Nc6 3. Nf3 Qe7 4. Bf4 Qb4+ 5. Bd2 Qxb2 6. Nc3 Bb4 7. Rb1 Qxc3 8. Bxc3 Bxc3+ 9. Nd2 Nxe5 10. e3 Nf6 11. Bd3 O-O 12. O-O d5 13. h3 b6 14. Nf3 Nxf3+ 15. Qxf3 Be5 16. Rfd1 Be6 17. Bf5 Rae8 18. Rb3 Bxf5 19. Qxf5 g6 20. Qg5 Re6 21. Rb4 Ne4 22. Qh6 Bc3 23. Ra4 Bg7 24. Qf4 Nc3 25. Rd3 Ne2+ 0-1


[Site "https://www.chess.com"]

[Event "Titled Tuesday Blitz May 30 Late 2023"]
[White "Jovic, Stanoje"]
[Black "Pakleza, Zbigniew"]
[WhiteFideId "905020"]
[BlackFideId "1119290"]
[WhiteElo "2236"]
[BlackElo "2410"]
[Result "1-0"]
[Round "10"]
[TimeControl "180+2"]
[Date "2023.05.31"]
[WhiteClock "0:00:35"]
[BlackClock "0:00:02"]

1. c4 c6 2. e4 e5 3. d4 d6 4. Nf3 Nd7 5. Nc3 Ngf6 6. Be3 Be7 7. Qc2 Ng4 8. O-O-O Nxe3 9. fxe3 Qa5 10. Be2 a6 11. g4 b5 12. c5 dxc5 13. d5 Bb7 14. dxc6 Bxc6 15. Nd5 Bd8 16. Kb1 O-O 17. g5 Re8 18. h4 c4 19. h5 Nc5 20. g6 fxg6 21. hxg6 h6 22. Nh4 Bxh4 23. Rxh4 Qa4 24. Qc1 Rad8 25. Nc3 Qa5 26. Bg4 Nd3 27. Qc2 Qb6 28. Rh3 Qc5 29. Rdh1 b4 30. Nd5 Rxd5 31. exd5 Bxd5 32. Bf5 Bxh1 33. Bxd3 Bd5 34. Bf5 Rf8 35. e4 Bc6 36. Be6+ Kh8 37. Qc1 Rf6 38. Rxh6+ 1-0


[Site "https://www.chess.com"]

[Event "Titled Tuesday Blitz May 30 Late 2023"]
[White "Simonian, Hrair"]
[Black "Rottenwohrer Suarez, Juan"]
[WhiteFideId "13302337"]
[BlackFideId "32068182"]
[WhiteElo "2447"]
[BlackElo "2174"]
[Result "1-0"]
[Round "10"]
[TimeControl "180+2"]
[Date "2023.05.31"]
[WhiteClock "0:00:32"]
[BlackClock "0:00:01"]

1. e4 c5 2. Nc3 g6 3. d4 cxd4 4. Qxd4 Nf6 5. Nf3 Nc6 6. Qa4 d6 7. e5 dxe5 8. Nxe5 Bd7 9. Nxd7 Qxd7 10. Bb5 Bg7 11. Be3 O-O 12. Rd1 Qg4 13. Qxg4 Nxg4 14. Bc5 Bxc3+ 15. bxc3 Rfc8 16. O-O a6 17. Ba4 b5 18. Bb3 e6 19. Rd6 Na5 20. Bb4 Nxb3 21. cxb3 a5 22. Ba3 Rxc3 23. h3 Nf6 24. Rfd1 Rc2 25. Rd8+ Rxd8 26. Rxd8+ Kg7 27. Bf8+ Kh8 28. Bh6+ Ng8 29. a3 Rc5 30. Be3 Rd5 31. Ra8 Kg7 32. Rxa5 Ne7 33. Ra7 Nf5 34. Bb6 Rd3 35. a4 Rxb3 36. a5 b4 37. g4 Nh4 38. Bd4+ Kf8 39. Bf6 Nf3+ 40. Kg2 Ke8 41. Re7+ Kf8 42. Rb7 Ke8 43. a6 Ra3 44. a7 Ne1+ 45. Kf1 Nd3 46. Re7+ Kf8 47. Rd7 1-0


[Site "https://www.chess.com"]

[Event "Titled Tuesday Blitz May 30 Late 2023"]
[White "Tanenbaum, Zachary"]
[Black "Jimenez Almeida, Luis David"]
[WhiteFideId "2060850"]
[BlackFideId "22242244"]
[WhiteElo "2175"]
[BlackElo "2245"]
[Result "1-0"]
[Round "10"]
[TimeControl "180+2"]
[Date "2023.05.31"]
[WhiteClock "0:00:56"]
[BlackClock "0:00:17"]

1. e4 c5 2. Nf3 e6 3. d4 c4 4. Bxc4 d5 5. exd5 exd5 6. Bd3 Nf6 7. O-O Be7 8. Re1 O-O 9. Ne5 Be6 10. Bg5 Nc6 11. c3 Qb6 12. Re2 Rfe8 13. b3 Rad8 14. Nd2 h6 15. Bh4 Nh5 16. Bxe7 Nxe7 17. Re3 Nf4 18. Bc2 Rc8 19. Qf3 g5 20. Ng4 Bxg4 21. Qxg4 Neg6 22. Rae1 Red8 23. h4 Qf6 24. hxg5 Qxg5 25. Qxg5 hxg5 26. Rg3 f6 27. Bf5 Rc6 28. Rge3 Kg7 29. g3 Nh5 30. Bg4 Kh6 31. Kg2 Rf8 32. Rh1 Nh4+ 33. gxh4 Nf4+ 34. Kf3 f5 35. hxg5+ Kxg5 36. Bh3 Rh6 37. Rg1+ Kf6 38. Kxf4 Rfh8 39. Bxf5 Rh4+ 40. Bg4 1-0


[Site "https://www.chess.com"]

[Event "Titled Tuesday Blitz May 30 Late 2023"]
[White "Vovk, Orest"]
[Black "Melikyan, Gnel"]
[WhiteFideId "14113490"]
[BlackFideId "54109990"]
[WhiteElo "2215"]
[BlackElo "2138"]
[Result "1-0"]
[Round "10"]
[TimeControl "180+2"]
[Date "2023.05.31"]
[WhiteClock "0:00:04"]
[BlackClock "0:01:21"]

1. g4 a5 2. Bg2 a4 3. a3 c6 4. d4 d5 5. g5 h6 6. h4 hxg5 7. hxg5 Rxh1 8. Bxh1 Bf5 9. Nc3 e6 10. e4 Bg6 11. Qd3 Nd7 12. f4 Ne7 13. Nge2 dxe4 14. Bxe4 Bxe4 15. Nxe4 Nf5 16. N2g3 g6 17. Bd2 Bg7 18. Nxf5 exf5 19. Nd6+ Kf8 20. O-O-O b5 21. Bb4 Kg8 22. Re1 Nf8 23. Re8 Qxe8 24. Nxe8 Rxe8 25. d5 cxd5 26. Bxf8 Bxf8 27. Qxb5 Re4 28. Qxd5 Rxf4 29. c4 Rf1+ 30. Kd2 Rf2+ 31. Ke3 Rxb2 32. Qa8 Rb3+ 33. Kd4 Rxa3 34. c5 Ra1 35. c6 Rc1 36. Qxa4 f4 37. Ke4 Bd6 38. Qa8+ Kg7 39. Qb7 Rc4+ 40. Kd5 Rxc6 41. Kxc6 Be7 42. Kd7 Bxg5 43. Qf3 Kf6 44. Kd6 Kf5 45. Kd5 Bf6 46. Qh3+ Kg5 47. Qh7 f3 48. Ke4 f2 49. Qh3 Be7 50. Qg2+ Kh6 51. Qxf2 Kg7 52. Qb2+ Bf6 53. Qb3 Be7 54. Qb5 Bf6 55. Qa6 Be7 56. Qb7 Bf8 57. Qa8 Be7 58. Qe8 Bf8 59. Kd5 Ba3 60. Kc6 Bf8 61. Kd7 Bb4 62. Qe5+ Kg8 63. Ke8 Bc3 64. Qxc3 1-0


[Site "https://www.chess.com"]

[Event "Titled Tuesday Blitz May 30 Late 2023"]
[White "Arencibia Monduy, Antonio"]
[Black "Arabidze, Meri"]
[WhiteFideId "3507939"]
[BlackFideId "13604040"]
[WhiteElo "2467"]
[BlackElo "2405"]
[Result "0-1"]
[Round "10"]
[TimeControl "180+2"]
[Date "2023.05.31"]
[WhiteClock "0:00:01"]
[BlackClock "0:00:47"]

1. e4 c5 2. Nf3 e6 3. c3 Nf6 4. e5 Nd5 5. d4 cxd4 6. cxd4 b6 7. Bd3 Ba6 8. O-O Bxd3 9. Qxd3 Be7 10. Nc3 Nxc3 11. bxc3 O-O 12. c4 d5 13. exd6 Qxd6 14. Bg5 Nd7 15. Bxe7 Qxe7 16. Rfe1 Rfd8 17. Rad1 Rac8 18. d5 Nc5 19. Qa3 Qb7 20. dxe6 Nxe6 21. Qe3 h6 22. Ne5 Nc5 23. f4 Re8 24. Qd4 Qe7 25. Nf3 Qc7 26. Rxe8+ Rxe8 27. Ne5 Ne6 28. Qf2 Nxf4 29. Qxf4 Qxe5 30. Qxe5 Rxe5 31. Rd7 Ra5 32. Rd2 g5 33. Kf2 Kg7 34. Ke3 Kg6 35. Kd4 h5 36. Kc3 h4 37. h3 f6 38. Kb4 Re5 39. Rd7 a5+ 40. Kc3 Re2 0-1


[Site "https://www.chess.com"]

[Event "Titled Tuesday Blitz May 30 Late 2023"]
[White "Castaneda, Jhon David"]
[Black "Zaitsev, Alexander"]
[WhiteFideId "4405048"]
[BlackFideId "4164490"]
[WhiteElo "2086"]
[BlackElo "2373"]
[Result "1-0"]
[Round "10"]
[TimeControl "180+2"]
[Date "2023.05.31"]
[WhiteClock "0:00:20"]
[BlackClock "0:00:23"]

1. d4 Nf6 2. Nf3 e6 3. c4 Bb4+ 4. Bd2 c5 5. Bxb4 cxb4 6. a3 bxa3 7. Rxa3 O-O 8. e3 b6 9. Bd3 Bb7 10. O-O a5 11. Nc3 Na6 12. e4 d6 13. Re1 Nb4 14. Bf1 Re8 15. e5 dxe5 16. Nxe5 Nc6 17. Nf3 Nb4 18. Ne5 Nc6 19. Nf3 Nb4 20. Nb5 Bc6 21. Ne5 Bxb5 22. cxb5 Rc8 23. Rc3 Qd6 24. Qd2 Nfd5 25. Rg3 f6 26. Nc4 Qf8 27. Re4 Kh8 28. Rh4 Rc7 29. Rgh3 g6 30. Rh6 Rg7 31. Qe1 g5 32. Qe4 Ree7 33. Nd6 Nf4 34. Rc3 Nbd5 35. Rc8 Qxc8 36. Nxc8 Rc7 37. Nd6 Rc1 38. g3 1-0


[Site "https://www.chess.com"]

[Event "Titled Tuesday Blitz May 30 Late 2023"]
[White "Shapiro, Viktor"]
[Black "Zhao, Erick"]
[WhiteFideId "4175700"]
[BlackFideId "30946930"]
[WhiteElo "2152"]
[BlackElo "2597"]
[Result "1-0"]
[Round "10"]
[TimeControl "180+2"]
[Date "2023.05.31"]
[WhiteClock "0:00:14"]
[BlackClock "0:00:20"]

1. c4 a5 2. Nc3 a4 3. Nxa4 g6 4. Nc3 Bg7 5. Nf3 c5 6. e3 Nc6 7. d4 cxd4 8. exd4 d5 9. cxd5 Nb4 10. Bb5+ Bd7 11. Bc4 Nf6 12. a3 O-O 13. Be3 Na6 14. O-O Bf5 15. Rc1 Rc8 16. Qe2 Nc7 17. Ne5 Ncxd5 18. Nxd5 Nxd5 19. Qf3 Be6 20. Rfe1 Qa5 21. b4 Qd8 22. Bd3 Nxe3 23. Qxe3 Qd6 24. Rc5 Rcd8 25. Be4 b6 26. Rb5 Qxd4 27. Qxd4 Rxd4 28. Nf3 Rc4 29. Rxb6 Rd8 30. h3 Rc3 31. a4 Ra3 32. a5 Bc3 33. Re3 f5 34. Rxe6 fxe4 35. R6xe4 Rd1+ 36. Kh2 Rb1 37. a6 Rbb3 38. b5 Rxb5 39. a7 Rba5 40. Rxe7 Rxa7 41. Rxa7 Rxa7 42. Rxc3 Kg7 43. Re3 Kh6 44. g4 Rf7 45. Kg3 Kg7 46. Re5 Ra7 47. Ng5 Kf6 48. f4 h6 49. Nf3 Ra1 50. h4 Ra3 51. g5+ Kg7 52. Re6 Kf7 53. Rf6+ Kg7 54. Kg4 Ra2 55. Ne5 Ra3 56. Rxg6+ Kh7 57. Rxh6+ Kg7 58. Rf6 Kh8 59. Kf5 Ra7 60. Kg6 Rg7+ 61. Kh5 Rh7+ 62. Kg4 Re7 63. f5 Kg7 64. Re6 Rc7 65. Ng6 Rc4+ 66. Kh5 Kh7 67. Re7+ Kg8 68. Kh6 Rc7 69. Re8+ Kf7 70. Rf8# 1-0


[Site "https://www.chess.com"]

[Event "Titled Tuesday Blitz May 30 Late 2023"]
[White "SergioMoralesG"]
[Black "Perez, Maximiliano"]
[BlackFideId "117234"]
[WhiteElo "2534"]
[BlackElo "2344"]
[Result "0-1"]
[Round "10"]
[TimeControl "180+2"]
[Date "2023.05.31"]
[WhiteClock "0:00:02"]
[BlackClock "0:00:15"]

1. e4 c5 2. Nf3 Nc6 3. Bb5 g6 4. O-O Bg7 5. c3 Nf6 6. Re1 O-O 7. d4 d5 8. e5 Ne4 9. Nbd2 Nxd2 10. Bxd2 cxd4 11. cxd4 Qb6 12. Bxc6 Qxc6 13. Bb4 Re8 14. Rc1 Qb6 15. Qb3 a5 16. Ba3 Qxb3 17. axb3 b5 18. Bc5 Bf5 19. b4 a4 20. Bb6 Rec8 21. Rc5 Rxc5 22. dxc5 Be4 23. c6 Kf8 24. Nd4 Bxe5 25. f3 Bxd4+ 26. Bxd4 Bf5 27. Bc5 Be6 28. c7 Ke8 29. Kf2 Kd7 30. Bb6 Ra6 31. Rc1 Kc8 32. Ba5 Bd7 33. Ke3 e5 34. Rc5 Bc6 35. f4 f6 36. fxe5 fxe5 37. g3 Kd7 38. h4 Ra8 39. Rc1 Rf8 40. Bb6 d4+ 41. Ke2 Bd5 42. Rc5 Bc4+ 43. Kd2 e4 44. Re5 e3+ 45. Kc1 Bb3 46. c8=Q+ Rxc8+ 47. Bc5 Kc6 48. Re4 Bc4 49. Rxd4 e2 50. Re4 Rd8 51. Kc2 Rd1 52. Bf2 Rf1 53. Rf4 Rxf2 54. Rxf2 e1=Q 55. Rd2 Qe4+ 56. Kc3 Qe3+ 57. Kc2 Bb3+ 58. Kc1 Qe1+ 59. Rd1 Qxd1# 0-1


[Site "https://www.chess.com"]

[Event "Titled Tuesday Blitz May 30 Late 2023"]
[White "Grinev, Valeriy"]
[Black "Papayan, Oleg"]
[WhiteFideId "14117517"]
[BlackFideId "4193911"]
[WhiteElo "2366"]
[BlackElo "2171"]
[Result "1/2-1/2"]
[Round "10"]
[TimeControl "180+2"]
[Date "2023.05.31"]
[WhiteClock "0:01:26"]
[BlackClock "0:00:18"]

1. e4 e5 2. Nc3 Nf6 3. Nf3 Nc6 4. Bc4 Nxe4 5. O-O Nxc3 6. dxc3 Be7 7. Re1 d6 8. h3 O-O 9. Be3 Be6 10. Bxe6 fxe6 11. c4 d5 12. cxd5 exd5 13. c3 e4 14. Nd4 Nxd4 15. Bxd4 Bf6 16. Qb3 Bxd4 17. cxd4 c6 18. Rxe4 Qb6 19. Qxb6 axb6 20. Re7 Rf7 21. Rxf7 Kxf7 22. a3 Ra4 23. Rd1 Rc4 24. Rd2 b5 25. g3 b4 26. axb4 Rxb4 27. Kg2 Ke6 28. g4 g5 29. f3 b6 30. Kg3 c5 31. Re2+ Kf6 32. dxc5 bxc5 33. h4 gxh4+ 34. Kxh4 d4 35. f4 d3 36. Rf2 c4 37. f5 Rxb2 38. g5+ Kf7 39. Rxb2 c3 40. Rb7+ Kf8 41. Rb8+ Kf7 42. Rb7+ Ke8 43. Rb8+ Kf7 44. Rb7+ 1/2-1/2


[Site "https://www.chess.com"]

[Event "Titled Tuesday Blitz May 30 Late 2023"]
[White "Pinheiro, Iung Alicio de O."]
[Black "Skaric, Djuro"]
[WhiteFideId "2104350"]
[BlackFideId "934569"]
[WhiteElo "2283"]
[BlackElo "2282"]
[Result "1-0"]
[Round "10"]
[TimeControl "180+2"]
[Date "2023.05.31"]
[WhiteClock "0:00:18"]
[BlackClock "0:00:17"]

1. d4 d6 2. e4 g6 3. h4 h6 4. Bc4 Bg7 5. Qf3 e6 6. c3 Nc6 7. Ne2 Nf6 8. Bb3 O-O 9. Ng3 e5 10. d5 Bg4 11. Qd3 Ne7 12. f3 Bc8 13. h5 g5 14. Nd2 a5 15. Ndf1 a4 16. Bc2 b6 17. Ne3 Ba6 18. c4 Bc8 19. Bd2 Bd7 20. a3 Qc8 21. Ne2 Re8 22. g4 Bxg4 23. Nxg4 Nxg4 24. fxg4 Qxg4 25. O-O-O Qd7 26. Rdf1 f5 27. exf5 Bf6 28. Ng3 Kg7 29. Ne4 Ng8 30. Rhg1 Kh8 31. Kb1 Rab8 32. Rf2 Qe7 33. Rfg2 Rf8 34. Bxa4 Qf7 35. Bd1 Ne7 36. Rf1 b5 37. Bb3 bxc4 38. Bxc4 Rb7 39. Ka2 Rfb8 40. Bc3 Ng8 41. Rfg1 Qxh5 42. Nd2 e4 43. Nxe4 Qf7 44. Nxf6 Nxf6 45. Qd4 Rf8 46. Rh1 Kh7 47. Rxg5 c5 48. dxc6 d5 49. cxb7 dxc4 50. Rg6 Qxb7 51. Rhxh6# 1-0


[Site "https://www.chess.com"]

[Event "Titled Tuesday Blitz May 30 Late 2023"]
[White "Fiorito, Francisco"]
[Black "Ansh M Shah"]
[WhiteFideId "180165"]
[BlackFideId "25033379"]
[WhiteElo "2341"]
[BlackElo "2084"]
[Result "1-0"]
[Round "10"]
[TimeControl "180+2"]
[Date "2023.05.31"]
[WhiteClock "0:01:48"]
[BlackClock "0:00:02"]

1. e4 c6 2. Nc3 d5 3. Nf3 Bg4 4. h3 Bxf3 5. Qxf3 e6 6. d3 Nd7 7. Be2 Bc5 8. Qg3 Bd4 9. O-O Ne7 10. Kh1 O-O 11. f4 b5 12. f5 exf5 13. exf5 b4 14. Nd1 Qb6 15. h4 a5 16. h5 Qb8 17. Qg4 Nf6 18. Qh3 Qe5 19. Bg4 Nxg4 20. Qxg4 a4 21. c3 bxc3 22. bxc3 Bxc3 23. Nxc3 Qxc3 24. f6 g6 25. fxe7 Qxa1 26. exf8=Q+ Rxf8 27. hxg6 hxg6 28. Qe2 Qd4 29. Bb2 Qh4+ 30. Kg1 a3 31. Bf6 Qh7 32. Rf3 Qh5 33. Rh3 Qxe2 34. Rh8# 1-0


[Site "https://www.chess.com"]

[Event "Titled Tuesday Blitz May 30 Late 2023"]
[White "Arnold, Ken"]
[Black "ElDivis"]
[WhiteFideId "2056836"]
[WhiteElo "2419"]
[BlackElo "2555"]
[Result "1-0"]
[Round "10"]
[TimeControl "180+2"]
[Date "2023.05.31"]
[WhiteClock "0:01:18"]
[BlackClock "0:00:59"]

1. d4 Nf6 2. Nf3 c5 3. g3 cxd4 4. Nxd4 g6 5. Bg2 Bg7 6. O-O O-O 7. c4 Nc6 8. Nxc6 bxc6 9. Nc3 Rb8 10. b3 d5 11. Bf4 Rb7 12. cxd5 Rd7 13. Rc1 cxd5 14. e3 Ba6 15. Re1 d4 16. exd4 Rxd4 17. Qc2 Bd3 18. Qd2 Ne4 19. Nxe4 Bxe4 20. Qe3 Bxg2 21. Kxg2 e6 22. Be5 Qd5+ 23. Kg1 Rd3 24. Qe4 Bxe5 25. Qxe5 Rd8 26. Qxd5 R8xd5 27. Rc2 a5 28. Kg2 h5 29. h4 Kg7 30. Re4 Rd2 31. Rxd2 Rxd2 32. Ra4 Rd5 33. Kf3 f5 34. Ke3 e5 35. f3 Kf6 36. a3 g5 37. hxg5+ Kxg5 38. b4 f4+ 39. gxf4+ exf4+ 40. Ke4 Rd8 41. Rxa5+ Kh4 42. Kxf4 Rd4+ 43. Ke3 Rd8 44. b5 Kg3 45. b6 h4 46. Rg5+ Kh2 47. a4 h3 48. a5 Kh1 49. b7 h2 50. Rh5 Kg1 51. Rxh2 Kxh2 52. a6 1-0


[Site "https://www.chess.com"]

[Event "Titled Tuesday Blitz May 30 Late 2023"]
[White "Prem, Pranav"]
[Black "Qiao, Cindy"]
[WhiteFideId "30901057"]
[BlackFideId "2620243"]
[WhiteElo "1970"]
[BlackElo "1777"]
[Result "1-0"]
[Round "10"]
[TimeControl "180+2"]
[Date "2023.05.31"]
[WhiteClock "0:01:08"]
[BlackClock "0:01:38"]

1. d4 d5 2. c4 e6 3. Nc3 Nf6 4. cxd5 exd5 5. Bg5 Nbd7 6. e3 c6 7. Bd3 Be7 8. Qc2 Nh5 9. Bxe7 Qxe7 10. Nge2 g6 11. O-O O-O 12. Rab1 Nb6 13. b4 a6 14. a4 Be6 15. b5 cxb5 16. axb5 Rfc8 17. bxa6 Rc6 18. axb7 Qxb7 19. Rb4 Qc7 20. Rfb1 Rc8 21. Qb3 Rxc3 22. Nxc3 Qxc3 23. Rxb6 Qd2 24. Rb8 Kg7 25. Rxc8 Bxc8 26. Qc2 Qe1+ 27. Rxe1 1-0


[Site "https://www.chess.com"]

[Event "Titled Tuesday Blitz May 30 Late 2023"]
[White "Smiechu"]
[Black "Chylewski, Patryk"]
[BlackFideId "1186191"]
[WhiteElo "2368"]
[BlackElo "2163"]
[Result "1-0"]
[Round "10"]
[TimeControl "180+2"]
[Date "2023.05.31"]
[WhiteClock "0:02:05"]
[BlackClock "0:00:49"]

1. e4 c6 2. d4 d5 3. f3 e6 4. Nc3 Bb4 5. e5 c5 6. a3 Bxc3+ 7. bxc3 Ne7 8. f4 Qa5 9. Bd2 Nbc6 10. Nf3 Qa4 11. Bd3 cxd4 12. cxd4 Nxd4 13. O-O Bd7 14. Rb1 Nxf3+ 15. Qxf3 b6 16. Bb4 Nc6 17. Bd6 Na5 18. Qg3 g6 19. Qg5 Nc6 20. Bb5 1-0


[Site "https://www.chess.com"]

[Event "Titled Tuesday Blitz May 30 Late 2023"]
[White "Osmonbekov, Talaibek"]
[Black "KorolDimitriy75"]
[WhiteFideId "2017253"]
[WhiteElo "2135"]
[BlackElo "2450"]
[Result "1-0"]
[Round "10"]
[TimeControl "180+2"]
[Date "2023.05.31"]
[WhiteClock "0:00:06"]
[BlackClock "0:00:04"]

1. d4 Nf6 2. Bf4 c5 3. d5 Qb6 4. Nc3 Qxb2 5. Bd2 Qb6 6. e4 d6 7. h3 g6 8. f4 Bg7 9. Nf3 O-O 10. Rb1 Qd8 11. Bc4 Nbd7 12. a4 Ne8 13. O-O Nc7 14. Qe1 e6 15. dxe6 Nxe6 16. Bxe6 fxe6 17. Ng5 Qe7 18. Qg3 b6 19. Rbe1 Ba6 20. Nb5 Nf6 21. f5 gxf5 22. exf5 e5 23. Ne6 Rf7 24. Bh6 Rc8 25. c4 Kh8 26. Bxg7+ Rxg7 27. Nxg7 Qxg7 28. Qxg7+ Kxg7 29. Nxd6 Rd8 30. Nb5 e4 31. g4 h6 32. Rd1 Re8 33. Rfe1 Bxb5 34. axb5 Re7 35. Kf2 Kf7 36. Ke3 Rc7 37. Rd6 Ke7 38. Re6+ Kf7 39. Rd1 Rd7 40. Rxd7+ Nxd7 41. Rxh6 Nf6 42. Rxf6+ Kxf6 43. Kxe4 1-0


[Site "https://www.chess.com"]

[Event "Titled Tuesday Blitz May 30 Late 2023"]
[White "Magallanes, Rey Jomar"]
[Black "Makridis, Dimitrios"]
[WhiteFideId "5205948"]
[BlackFideId "25864475"]
[WhiteElo "2300"]
[BlackElo "2277"]
[Result "0-1"]
[Round "10"]
[TimeControl "180+2"]
[Date "2023.05.31"]
[WhiteClock "0:01:56"]
[BlackClock "0:02:28"]

1. e4 c5 2. Nf3 d6 3. d4 cxd4 4. Nxd4 Nf6 5. Nc3 a6 6. Be2 e5 7. Nb3 Be7 8. O-O O-O 9. Qd3 Be6 10. Bd2 Nbd7 11. Nd5 Rc8 12. Na5 Nc5 13. Qd4 exd4 14. Nxe7+ Qxe7 15. Bg5 Ncxe4 16. Bh4 Rxc2 17. Bd3 Rxb2 18. Bxe4 h6 19. Bxb7 g5 20. Bg3 Rxb7 21. Nxb7 Qxb7 22. Bxd6 Rd8 23. Be5 Ne4 24. f3 Nc3 25. Rfe1 Qd5 26. Rac1 Rc8 27. Kf2 d3 28. Bxc3 d2 29. Bxd2 Qxd2+ 30. Kg3 Rxc1 31. Rxc1 Qxc1 32. a4 Qe1# 0-1


[Site "https://www.chess.com"]

[Event "Titled Tuesday Blitz May 30 Late 2023"]
[White "Cruz, Jonathan"]
[Black "Jakic, Ivan"]
[WhiteFideId "3802124"]
[BlackFideId "14504901"]
[WhiteElo "2407"]
[BlackElo "2370"]
[Result "0-1"]
[Round "10"]
[TimeControl "180+2"]
[Date "2023.05.31"]
[WhiteClock "0:00:01"]
[BlackClock "0:00:16"]

1. Nf3 Nf6 2. d4 e6 3. e3 d5 4. Bd3 c5 5. c3 Nc6 6. Nbd2 Bd6 7. O-O O-O 8. dxc5 Bxc5 9. e4 Qc7 10. Qe2 b6 11. e5 Ng4 12. Bxh7+ Kxh7 13. Ng5+ Kg8 14. Qxg4 Qxe5 15. Ndf3 Qf6 16. Qh5 Qh6 17. Qg4 e5 18. Qg3 Qf6 19. c4 Ba6 20. Qh3 Qh6 21. Qf5 Bxc4 22. Re1 Qh5 23. Nxe5 Nd4 24. Qh3 Qxh3 25. Nxh3 Rfe8 26. Bf4 Nc2 0-1


[Site "https://www.chess.com"]

[Event "Titled Tuesday Blitz May 30 Late 2023"]
[White "Annaberdiyev, Meylis"]
[Black "Kovalevsky, Stanislav"]
[WhiteFideId "14000563"]
[BlackFideId "13508598"]
[WhiteElo "2416"]
[BlackElo "2174"]
[Result "0-1"]
[Round "10"]
[TimeControl "180+2"]
[Date "2023.05.31"]
[WhiteClock "0:00:04"]
[BlackClock "0:00:02"]

1. e4 e6 2. d4 d5 3. e5 c5 4. Nf3 Nc6 5. Bd3 cxd4 6. O-O f6 7. Bb5 f5 8. Nbd2 Bd7 9. Nb3 Qb6 10. a4 a6 11. Bd3 Nge7 12. a5 Qc7 13. Re1 Ng6 14. Nbxd4 Be7 15. c3 O-O 16. Nxc6 bxc6 17. g3 c5 18. h4 Be8 19. h5 Nh8 20. h6 g6 21. Bf4 Nf7 22. Qd2 Bc6 23. b4 Rfb8 24. Ng5 Bxg5 25. Bxg5 Nxe5 26. Rxe5 Qxe5 27. Re1 Qd6 28. Bf4 Qe7 29. Qe3 cxb4 30. cxb4 Rxb4 31. Be5 d4 32. Qf4 Rf8 33. Bxa6 Ra4 34. Bd3 Rxa5 35. Bc4 Bd5 36. Qxd4 Bxc4 37. Qxc4 Re8 38. Bc3 Rc5 39. Qd4 e5 40. Qd2 Qe6 41. Ra1 Rd5 42. Qb2 Qd7 43. Qb3 Rd8 44. Bxe5 Kf7 45. Bg7 Qe6 46. Rf1 R8d7 47. Qb8 Rd1 48. Qh8 Rxf1+ 49. Kxf1 Qc4+ 50. Kg2 Qe4+ 51. Kh2 Ke6 52. Qg8+ Kd6 53. Bf8+ Kc7 54. Bg7 Qf3 55. Bd4 Rxd4 56. Qg7+ Rd7 57. Qe5+ Kc6 58. Qc3+ Qxc3 0-1


[Site "https://www.chess.com"]

[Event "Titled Tuesday Blitz May 30 Late 2023"]
[White "Isajevsky, Anton"]
[Black "i_like_explosions"]
[WhiteFideId "4142500"]
[WhiteElo "2510"]
[BlackElo "2444"]
[Result "0-1"]
[Round "10"]
[TimeControl "180+2"]
[Date "2023.05.31"]
[WhiteClock "0:00:14"]
[BlackClock "0:01:27"]

1. c4 Nf6 2. Nc3 g6 3. Nf3 Bg7 4. d4 d6 5. e3 O-O 6. Be2 c5 7. O-O cxd4 8. exd4 Bf5 9. Re1 a6 10. h3 h5 11. Bf1 Nbd7 12. Bg5 Re8 13. Qd2 e5 14. Rad1 Qc7 15. Nh4 exd4 16. Nd5 Nxd5 17. cxd5 Be4 18. Bd3 Bxd3 19. Qxd3 Nc5 20. Qf3 Qb6 21. b3 Qb5 22. Bf6 Rxe1+ 23. Rxe1 Re8 24. Rd1 Qe2 25. Bxg7 Qxf3 26. Nxf3 Kxg7 27. Nxd4 Re5 28. Nf3 Re2 29. Rd2 Rxd2 30. Nxd2 Kf6 31. f4 Kf5 32. g3 h4 33. Kf2 hxg3+ 34. Kxg3 Ne4+ 35. Nxe4 Kxe4 36. Kg4 Kxd5 37. f5 Ke4 38. fxg6 fxg6 39. Kg5 d5 40. Kxg6 d4 41. h4 d3 42. h5 d2 43. h6 d1=Q 44. h7 Qd4 45. h8=Q Qxh8 0-1


[Site "https://www.chess.com"]